AoeStats
← LMDP.Krassus/NooBNooB

Arena

508968275Analyzed
1v1 RM · 8d ago on Sep 24, 2026· 24m 40s· 2 players
Game mode
Random Map
Map size
Tiny (2 player)
Population
200
Speed
Normal
Resources
Standard
Victory
Conquest
Starting age
Dark Age
Ending age
Imperial Age
RankedLock teamsTeams togetherTeam positionsShared explorationLock speedFull tech treeHidden civsTurbo modeCheats
Victory
Defeat
🇺🇸 Franks · United States
970
+17
🇨🇭 Poles · Switzerland
993
-17
charlescolucci12
7:31 Loom
12:19 Feudal Age
16:51 Castle Age
17:12 Wheelbarrow
16:37 Double-Bit Axe
23:26 Scale Barding Armor
25:12 Forging
LMDP.Krassus/NooBNooB
9:14 Loom
11:32 Feudal Age
16:04 Castle Age
13:55 Double-Bit Axe
14:21 Horse Collar
Connection lost

Rejoining the realm…

Still unreachable

The connection could not be restored.

Session expired

The server has moved on; the page needs a fresh start.